 Dungeon Crawl Stone Soup version 0.27-a0-448-gace5c5693b (webtiles) character file.

Game seed: 6179848391177431299

389 HoaS the Insei (level 6, -3/51 HPs)
             Began as a Demigod Gladiator on Feb 27, 2021.
             Slain by an orc wizard
             ... wielding a +2 dagger of electrocution
              (19 damage)
             ... on level 4 of the Dungeon.
             The game lasted 00:07:42 (4669 turns).

HoaS the Insei (Demigod Gladiator)                  Turns: 4669, Time: 00:07:43

Health: -3/51      AC:  9    Str: 19    XL:     6   Next: 25%
Magic:  8/8        EV: 12    Int: 10    God:
Gold:   141        SH:  0    Dex: 19    Spells: 5/5 levels left

rFire    . . .     SeeInvis .     - Unarmed
rCold    . . .     Faith    .   (no shield)
rNeg     . . .     Spirit   .   n - +0 scale mail
rPois    .         Reflect  .   b - +1 helmet
rElec    .         Harm     .   (no cloak)
rCorr    .         Rampage  .   m - +0 pair of gloves
Will     .....                  (no boots)
Stlth    ..........             (no amulet)
HPRegen  0.17/turn              (no ring)
MPRegen  0.11/turn              (no ring)

@: no status effects
A: high mp 1
a: no special abilities


You were on level 4 of the Dungeon.
You visited 1 branch of the dungeon, and saw 4 of its levels.

You collected 141 gold pieces.

Inventory:

Missiles
 a - 7 javelins
 c - 2 throwing nets (quivered)
 f - 8 poisoned darts
 i - 5 boomerangs
 l - 2 silver boomerangs
Armour
 b - a +1 helmet (worn)
 m - a +0 pair of gloves (worn)
 n - a +0 scale mail (worn)
Wands
 k - a wand of iceblast (8)
Scrolls
 e - a scroll of enchant armour
 j - a scroll of teleportation
Potions
 d - a potion of ambrosia {unknown}
 g - 2 potions of curing {unknown}
 h - 2 potions of heal wounds {unknown}
 o - a potion of might {unknown}


   Skills:
 + Level 3.2 Fighting
 - Level 1.7 Throwing
 + Level 2.4 Armour
 + Level 3.8 Dodging
 * Level 4.7 Unarmed Combat


You had 5 spell levels left.
You didn't know any spells.
Your spell library was empty.

Dungeon Overview and Level Annotations

Branches:
Dungeon (4/15)
 Temple: D:4-7


Innate Abilities, Weirdness & Mutations

You have an increased reservoir of magic. (+10% MP)


Message History

The orc wizard shouts!
The orc wizard gestures at you while chanting.
The magic dart hits you.
A giant cockroach comes into view.
The orc wizard points at you and mumbles some strange words.
You resist with some effort.
You hear a shout!
You swing at nothing.
The orc wizard gestures at you while chanting.
The puff of flame hits you.
You swing at nothing.
You closely miss the orc wizard.
The orc wizard hits you but does no damage.
You are electrocuted!!
You hit the orc wizard but do no damage.
The orc wizard hits you with a +2 dagger of electrocution.
An orc wizard comes into view. It is wielding a +0 dagger.
You hit the orc wizard.
The orc wizard is lightly wounded.
The orc wizard barely misses you.
You barely miss the orc wizard.
The orc wizard is lightly wounded.
The orc wizard hits you but does no damage.
You hit the orc wizard.
The orc wizard is moderately wounded.
The orc wizard hits you but does no damage.
You completely miss the orc wizard.
The orc wizard is moderately wounded.
The orc wizard barely misses you.
You hit the orc wizard but do no damage.
The orc wizard is moderately wounded.
The orc wizard hits you with a +2 dagger of electrocution.
You are electrocuted!
You barely miss the orc wizard.
The orc wizard is moderately wounded.
You closely miss the orc wizard.
The orc wizard is moderately wounded.
The orc wizard hits you but does no damage.
You are electrocuted!!
You die...

#o########## #
#oBoo@.....# .
###########.###########
+...............(......
#########....##########
#....# #.
#######.##########.
.........._........
########.#######.##.
...........# #.##.


You could see 2 orc wizards, 2 orcs and a giant cockroach.

Vanquished Creatures
  Duvessa (D:4)
  Dowan (D:4)
  A hound (D:4)
  2 orc wizards (D:3)
  A worker ant (D:4)
  2 gnolls (D:2)
  An adder (D:2)
  3 worms (D:2)
  6 leopard geckos
  5 orcs (D:3)
  A ball python (D:3)
  7 giant cockroaches
  4 goblins
  9 hobgoblins
  6 jackals
  11 kobolds
  A quokka (D:2)
  7 bats
  7 frilled lizards
  7 rats
83 creatures vanquished.

Vanquished Creatures (others)
  7 plants (D:2)
7 creatures vanquished.

Grand Total: 90 creatures vanquished

Notes
Turn   | Place    | Note
-------+----------+-------------------------------------------
     0 | D:1      | HoaS the Demigod Gladiator began the quest for the Orb.
     0 | D:1      | Reached XP level 1. HP: 17/17 MP: 3/3
   337 | D:1      | Reached skill level 3 in Unarmed Combat
   337 | D:1      | Reached XP level 2. HP: 15/24 MP: 4/4
  1105 | D:2      | Reached XP level 3. HP: 13/29 MP: 5/5
  1215 | D:2      | Reached skill level 1 in Armour
  2750 | D:3      | Reached XP level 4. HP: 18/37 MP: 6/6
  3385 | D:3      | Found an opulent altar of Gozag.
  3622 | D:2      | Reached skill level 4 in Unarmed Combat
  3778 | D:2      | Reached XP level 5. HP: 42/42 MP: 7/7
  4363 | D:4      | Found a burning altar of Makhleb.
  4366 | D:4      | Noticed Duvessa
  4372 | D:4      | Noticed Dowan
  4392 | D:4      | Killed Duvessa
  4393 | D:4      | Reached XP level 6. HP: 29/51 MP: 8/8
  4415 | D:4      | Killed Dowan
  4669 | D:4      | Slain by an orc wizard

Illustrated notes

Levels and vault maps discovered:
D:1:      sevenhm_arrival_forest_fort_small_3, layout_loops_ring
D:2:      layout_basic, skrybe_limestone_x, minmay_misc_feat_ornament,
          lexackson_kobold_supper
D:3:      layout_loops_ring, lemuel_doored_altar, kennysheep_generic_room_10
D:4:      layout_basic, overflow_temple_1_default, gammafunk_ghost_split,
          uniq_duvessa

Skill      XL: |  1  2  3  4  5 |
---------------+----------------+-----
Unarmed Combat | 3 4 |  4.7
Fighting       | 2 3 |  3.2
Armour         | 1 2 |  2.4
Dodging        | 3 |  3.8
Throwing       | |  1.7

Action                   |  1- 3 |  4- 6 || total
-------------------------+-------+-------++-------
Melee: Unarmed           |   306 |   180 ||   486
       Punch             |     7 |     2 ||     9
Throw: Throwing net      |       |     4 ||     4
Evoke: Wand              |       |     1 ||     1
  Use: Scroll            |     9 |       ||     9
 Stab: Sleeping          |     2 |       ||     2
       Held in net/web   |       |     2 ||     2
Armor: Leather armour    |     8 |       ||     8
       Ring mail         |    99 |    36 ||   135
       Scale mail        |       |    32 ||    32
Dodge: Dodged            |   165 |    93 ||   258

Table legend: (Time is in decaauts)
 A = Elapsed time spent in this place.
 B = Non-inter-level travel time spent in this place.
 C = Inter-level travel time spent in this place.
 D = Time resting spent in this place.
 E = Time spent auto-exploring this place.
 F = Levels seen in this place.
 G = Mean time per level.
                   A        B        C        D        E       F      G
               +--------+--------+--------+--------+--------+-----+--------+
         Total |   4648 |   4488 |    160 |   1446 |   2143 |   4 | 1162.0 |
       Dungeon |   4648 |   4488 |    160 |   1446 |   2143 |   4 | 1162.0 |
               +--------+--------+--------+--------+--------+-----+--------+

Top non-repeatable levels by time:
     D:2: 2047 daAuts
     D:3: 1082 daAuts
     D:1: 969 daAuts
     D:4: 547 daAuts
